 Dungeon Crawl Stone Soup version 0.26-a0-259-g1effd001a9 (webtiles) character file.

Game seed: 3361429809687067999

71 Sorcv the Chiller (level 4, -4/39 HPs)
             Began as an Ogre Ice Elementalist on July 27, 2020.
             Slain by an orc
             ... wielding a +0 mace
              (8 damage)
             ... on level 3 of the Dungeon.
             The game lasted 00:05:43 (1059 turns).

Sorcv the Chiller (Ogre Ice Elementalist)           Turns: 1059, Time: 00:05:43

Health: -4/39      AC:  7    Str: 12    XL:     4   Next: 24%
Magic:  7/9        EV: 10    Int: 17    God:
Gold:   74         SH:  0    Dex:  9    Spells: 8/9 levels left

rFire    . . .     SeeInvis .   o - +1 dagger (flame)
rCold    . . .     Faith    .   (no shield)
rNeg     . . .     Spirit   .   a - +0 robe
rPois    .         Reflect  .   (helmet restricted)
rElec    .         Harm     .   (no cloak)
rCorr    .                      (gloves unavailable)
MR       .....                  (boots unavailable)
Stlth    +.........             (no amulet)
HPRegen  0.13/turn              g - +4 ring of protection
MPRegen  0.11/turn              (no ring)

@: slowed, very slow
A: large, unfitting armour, tough skin 1
a: no special abilities


You were on level 3 of the Dungeon.
You were not hungry.

You visited 1 branch of the dungeon, and saw 3 of its levels.

You collected 74 gold pieces.

Inventory:

Hand Weapons
 o - a +1 dagger of flaming (weapon)
Missiles
 e - 3 atropa-tipped darts (quivered)
Armour
 a - a +0 robe (worn)
Jewellery
 g - a +4 ring of protection (left hand)
Scrolls
 d - a scroll of enchant weapon {unknown}
 j - a scroll of magic mapping {unknown}
 m - 2 scrolls of identify {unknown}
 n - a scroll of fog {unknown}
Potions
 b - a potion of magic {unknown}
 f - 2 potions of curing {unknown}
 h - a potion of flight {unknown}
 i - 2 potions of brilliance {unknown}
 k - 4 potions of heal wounds {unknown}
 l - a potion of haste {unknown}
Comestibles
 c - 8 rations


   Skills:
 - Level 1.7 Dodging
 - Level 1.4 Stealth
 + Level 3.4 Spellcasting
 * Level 4.7 Ice Magic


You had 8 spell levels left.
You knew the following spells:

 Your Spells              Type           Power        Failure   Level
a - Freeze                Ice            ###.         2%          1

Your spell library contained the following spells:

 Spells                   Type           Power        Failure   Level
 Frozen Ramparts          Ice            ###...       8%          3
 Ozocubu's Armour         Chrm/Ice       ##......     19%         3
 Hailstorm                Conj/Ice       ##......     54%         4
 Summon Ice Beast         Ice/Summ       ##......     54%         4


Dungeon Overview and Level Annotations

Branches:
Dungeon (3/15)

Altars:


Innate Abilities, Weirdness & Mutations

You are too large for most types of armour.
You have tough skin. (AC +1)


Message History

The orc wizard hits you but does no damage. x2
You closely miss the orc wizard.
The orc wizard is almost dead.
The orc wizard closely misses you. The orc wizard barely misses you.
You hit the orc wizard. You burn the orc wizard.
You kill the orc wizard!
You have reached level 4!
The orc barely misses you.
The orc priest calls upon Beogh to heal the orc.
The orc is healed somewhat.
The orc misses you.
You hear an angry hiss.
Things that are here:
a +0 dagger; a +0 robe The orc hits you with a +0 mace.
* * * LOW HITPOINT WARNING * * *
An adder comes into view.
The orc priest looks braver for a moment.
The orc hits you but does no damage. The orc hits you with a +0 mace!
You die...

#......#
#......#
##......# #
#.....o.###.#
#.###.#.)oSo#
#.#.#o#.#####
#.#o..#.#
#?#.###.#
#.#So@#.#
#.#####.# ..#
##


You could see an adder and an orc.

Vanquished Creatures
  An orc wizard (D:3)
  2 adders (D:2)
  2 leopard geckos
  A giant cockroach (D:2)
  5 goblins
  A hobgoblin (D:1)
  3 kobolds
  A quokka (D:2)
  2 bats
  2 frilled lizards (D:2)
  5 rats
25 creatures vanquished.

Notes
Turn   | Place    | Note
-------+----------+-------------------------------------------
     0 | D:1      | Sorcv the Ogre Ice Elementalist began the quest for the
                  | Orb.
     0 | D:1      | Reached XP level 1. HP: 16/16 MP: 3/3
   152 | D:1      | Reached XP level 2. HP: 11/24 MP: 2/5
   499 | D:2      | Reached skill level 4 in Ice Magic
   567 | D:1      | Reached XP level 3. HP: 31/31 MP: 0/7
  1050 | D:3      | Reached XP level 4. HP: 6/39 MP: 6/9
  1059 | D:3      | Slain by an orc

Illustrated notes

Levels and vault maps discovered:
D:1:      erik_arrival_orb_chamber, layout_loops_ring, serial_forest,
          infiniplex_forest_side_room, infiniplex_forest_end_double,
          infiniplex_forest_straight_1, infiniplex_forest_lined_room_2,
          infiniplex_forest_corner_2, infiniplex_forest_clump_diagonal
D:2:      layout_rooms
D:3:      layout_basic, uniq_robin

Skill      XL: |  1  2  3 |
---------------+----------+-----
Ice Magic      | 4 |  4.7
Spellcasting   | 3 |  3.4
Dodging        | |  1.7
Stealth        | |  1.4

Action                   |  1- 3 |  4- 6 || total
-------------------------+-------+-------++-------
Melee: Unarmed           |    35 |       ||    35
       Dagger            |     9 |       ||     9
 Cast: Freeze            |    37 |       ||    37
Armor: Robe              |    20 |     1 ||    21
Dodge: Dodged            |    30 |     2 ||    32

Table legend:
 A = Non-vault XP
 B = Vault XP
 C = Vault XP percentage of total XP
 D = Non-vault monster count
 E = Vault monster count
 F = Vault count percentage of total count
                 A         B        C        D         E       F
            +---------+---------+-------+---------+---------+-------
      Total |     102 |       0 |   0.0 |      25 |       0 |   0.0
            +---------+---------+-------+---------+---------+-------
        D:1 |      15 |       0 |   0.0 |       9 |       0 |   0.0
        D:2 |      47 |       0 |   0.0 |      15 |       0 |   0.0
        D:3 |      40 |       0 |   0.0 |       1 |       0 |   0.0
            +---------+---------+-------+---------+---------+-------
